 Dungeon Crawl Stone Soup version 0.14.1 (webtiles) character file.

566 Eyesburn the Chiller (level 6, -1/41 HPs)
             Began as a Merfolk Ice Elementalist on Apr 29, 2014.
             Was an Initiate of Ashenzari.
             Slain by ant87's ghost (16 damage)
             ... on Level 4 of the Dungeon.
             The game lasted 00:44:23 (7720 turns).

Eyesburn the Chiller (Merfolk Ice Elementalist)     Turns: 7720, Time: 00:44:23

HP  -1/41        AC 11     Str  9      XL: 6   Next: 87%
MP   2/13        EV 13     Int 16      God: Ashenzari [......]
Gold 160         SH  0     Dex 14      Spells:  4 memorised,  1 level left

rFire  . . .     SeeInvis .     s - +2 dagger (elec)
rCold  . . .     Clarity  .     g - +0 robe
rNeg   . . .     Conserve .     (no shield)
rPois  .         rCorr    .     z - +2 helmet
rElec  .         rRot     .     (no cloak)
SustAb + .       Spirit   .     B - +0 pair of gloves
rMut   .         Warding  .     (no boots)
Saprov . . .     Stasis   .     (no amulet)
MR     .....                    (no ring)
                                l - ring of sustain abilities {unknown}

@: icy armour, very slightly contaminated, not resistant to hostile
enchantments, fairly stealthy
A: change form in water, swift swim
a: Renounce Religion


You were on level 4 of the Dungeon.
You worshipped Ashenzari.
Ashenzari was noncommittal.
You were not hungry.

You visited 2 branches of the dungeon, and saw 5 of its levels.

You collected 160 gold pieces.

Inventory:

Hand weapons
 a - a +0,+0 falchion
 f - a +0,+0 trident
 j - a +0,+0 whip
 s - a +2,+2 dagger of electrocution (weapon)
Missiles
 w - 22 darts (quivered)
Armour
 g - a +0 robe (worn)
 v - a +0 leather armour
 y - a +0 robe
 z - a +2 helmet (worn)
 B - a +0 pair of gloves (worn)
Comestibles
 c - 3 bread rations
 d - 3 meat rations
 D - a rotting chunk of iguana flesh
 E - a chunk of giant cockroach flesh
Scrolls
 n - a scroll of remove curse
 o - 2 scrolls of enchant armour
 p - 2 scrolls of amnesia
 r - a scroll of blinking {unknown}
 t - 2 scrolls of magic mapping
 u - a scroll of fear {unknown}
 x - a scroll of immolation {unknown}
 A - 2 scrolls of identify
Jewellery
 e - an uncursed amulet of resist corrosion
 l - a ring of sustain abilities (left hand) {unknown}
Potions
 h - a potion of poison {unknown}
 i - a potion of porridge
 k - 3 potions of curing
 m - a potion of brilliance {unknown}
 q - a potion of paralysis {unknown}
 C - a potion of restore abilities {unknown}
Books
 b - a book of Frost

   Spells                             Type                      Level
   *Freeze                            Ice                          1
   *Throw Frost                       Conjuration/Ice              2
   *Ozocubu's Armour                  Charms/Ice                   3
   Throw Icicle                       Conjuration/Ice              4
   *Summon Ice Beast                  Ice/Summoning                4
   Condensation Shield                Ice                          4


   Skills:
 - Level 2.6 Dodging
 - Level 2.1 Stealth
 - Level 3.3 Spellcasting
 - Level 0.7 Conjurations
 - Level 4.2 Charms
 + Level 0.6 Summonings
 + Level 5.8 Ice Magic


You had one spell level left.
You knew the following spells:

 Your Spells              Type           Power        Failure   Level  Hunger
a - Freeze                Ice            ###.         1%          1    None
b - Throw Frost           Conj/Ice       ##....       10%         2    ##.....
c - Ozocubu's Armour      Chrm/Ice       ###.......   10%         3    ###....
d - Summon Ice Beast      Ice/Summ       ##......     50%         4    ####...


Dungeon Overview and Level Annotations

Branches:
Dungeon (4/15)             Temple (1/1) D:4

Altars:
Ashenzari
Cheibriados
Dithmenos
Elyvilon
Fedhas
Kikubaaqudgha
Makhleb
Nemelex Xobeh
Okawaru
Sif Muna
Trog
Vehumet
Xom

Annotations:
D:4 ant87's ghost, experienced TrHu


Message History

Your ice beast freezes ant87's ghost!
You hit ant87's ghost but do no damage.
Ant87's ghost is moderately damaged.
Ant87's ghost hits you.
Your ice beast hits ant87's ghost.
Your ice beast freezes ant87's ghost!
You hit ant87's ghost.
Ant87's ghost is heavily damaged.
Ant87's ghost hits you!
* * * LOW HITPOINT WARNING * * *
Your ice beast hits ant87's ghost.
Your ice beast freezes ant87's ghost!
You hit ant87's ghost.
Ant87's ghost is severely damaged.
Ant87's ghost hits you.
* * * LOW HITPOINT WARNING * * *
Your ice beast hits ant87's ghost.
Your ice beast freezes ant87's ghost.
You catch the helpless ant87's ghost momentarily off-guard.
You hit ant87's ghost.
Ant87's ghost is almost destroyed.
Ant87's ghost hits you!
You die...

###.#.####..........# #.....#
#.#.# ##..........######.....##
#.#.# #.....>.........((.......
#.#.# #...........######(....##
#.#.# #...........# #.....# #.#.#
#...........# #.....# ###.#.#
#...........# #..#### ....#.#
#...........# #..# ### ....#)#
#.......@...# #..# #..
...)#.###.......Ip..######..###..
.....)............^.............#
.........((......................
#####(##(....#############.......
#.##.....# #..#.#.. #(########
#..#.#.# #)# #..#.#.. #.#
#..#.#..


You could see ant87's ghost and a friendly ice beast.

Vanquished Creatures
  A phantom (D:4)
  A hound (D:2)
  An orc priest (D:4)
  3 orc wizards
  An iguana (D:4)
  6 adders
  4 giant geckos (D:2)
  An ooze (D:3)
  7 orcs
  13 hobgoblins
  20 jackals
  A quokka (D:4)
  2 ball pythons
  10 bats
  5 giant cockroaches
  5 giant newts
  10 goblins
  7 kobolds
  13 rats
111 creatures vanquished.

Notes
Turn   | Place    | Note
--------------------------------------------------------------
     0 | D:1      | Eyesburn, the Merfolk Ice Elementalist, began the quest for the Orb.
     0 | D:1      | Reached XP level 1. HP: 13/13 MP: 3/3
   406 | D:1      | Reached XP level 2. HP: 19/19 MP: 3/5
   669 | D:1      | Learned a level 2 spell: Throw Frost
  1066 | D:1      | Reached XP level 3. HP: 7/24 MP: 1/8
  1851 | D:1      | Found a shattered altar of Ashenzari.
  2011 | D:1      | Learned a level 3 spell: Ozocubu's Armour
  2608 | D:2      | Reached skill level 1 in Charms
  2891 | D:2      | Found a shimmering altar of Xom.
  2897 | D:2      | Found a blossoming altar of Fedhas.
  2909 | D:2      | Found a burning altar of Makhleb.
  3042 | D:2      | Reached XP level 4. HP: 30/30 MP: 2/9
  3823 | D:2      | Reached skill level 4 in Ice Magic
  4380 | D:2      | Reached XP level 5. HP: 29/35 MP: 6/11
  4582 | D:2      | Learned a level 4 spell: Summon Ice Beast
  5099 | D:3      | Found a white marble altar of Elyvilon.
  6265 | D:4      | Found a staircase to the Ecumenical Temple.
  6274 | Temple   | Entered the Ecumenical Temple
  6461 | Temple   | Became a worshipper of Ashenzari the Shackled
  6648 | D:4      | Found a radiant altar of Vehumet.
  6671 | D:4      | Noticed ant87's ghost (experienced TrHu)
  6763 | D:4      | Reached skill level 5 in Ice Magic
  6763 | D:4      | Reached XP level 6. HP: 31/41 MP: 5/13
  7011 | D:4      | Noticed a phantom
  7038 | D:4      | Killed a phantom
  7720 | D:4      | Slain by ant87's ghost

Action                   |  1- 3 |  4- 6 || total
-------------------------+-------+-------++-------
Melee: Unarmed           |    11 |       ||    11
       Whip              |     7 |     9 ||    16
       Dagger            |       |    38 ||    38
 Cast: Freeze            |    58 |    33 ||    91
       Throw Frost       |    34 |    75 ||   109
       Ozocubu's Armour  |       |     3 ||     3
       Summon Ice Beast  |       |     1 ||     1
  Use: Potion            |     1 |     1 ||     2
       Scroll            |     5 |     3 ||     8
 Stab: Distracted        |       |     2 ||     2
